 Dungeon Crawl Stone Soup version 0.32-a0-136-gc02482bde3 (webtiles) character file.

Game seed: 9309748062886579740

5541 hikkokomori the Grappler (level 10, 0/92 HPs)
             Began as a Troll Warper on Feb 9, 2024.
             Was a Priest of Wu Jian.
             Slain by a vampire (10 damage)
             ... on level 10 of the Dungeon on Feb 10, 2024.
             The game lasted 00:27:17 (8728 turns).

hikkokomori the Grappler (Troll Warper)             Turns: 8728, Time: 00:27:17

Health: 0/92       AC:  5    Str: 21    XL:     10   Next: 43%
Magic:  13/13      EV:  9    Int: 11    God:    Wu Jian [***...]
Gold:   496        SH:  0    Dex: 11    Spells: 9/15 levels left

rFire   + .          .
                       - Unarmed
rCold   . . .        (no shield)
rNeg    . . .        E - +0 troll leather armour
rPois   .            j - melded +0 hat
rElec   .            (cloak currently unavailable)
rCorr   .            (gloves unavailable)
SInv    .            (boots unavailable)
Will    +....        (no amulet)
Stlth   ++           k - ring of flight
HPRegen 1.95/turn    C - ring of Uqu Soxt {rF+ Will+}
MPRegen 0.13/turn

%: no passive effects
@: beast-form, flying
A: beast (slay +3), large, unfitting armour, claws 3, regeneration 1, shaggy fur
1, tough skin 1
a: Begin Untransformation, Renounce Religion, Wall Jump, Serpent's Lash


You were on level 10 of the Dungeon.
You worshipped Wu Jian.
Wu Jian was most pleased with you.
You were a hulking beast.
You visited 2 branches of the dungeon, and saw 11 of its levels.
You also visited: Sewer.

You collected 592 gold pieces.
You spent 96 gold pieces at shops.

Inventory:

Missiles
 c - 8 darts of dispersal
 e - 2 throwing nets
 l - 11 boomerangs (quivered)
 m - 26 poisoned darts
 F - 2 datura-tipped darts
Armour
 a - a +0 robe
 j - a +0 hat (melded)
 E - a +0 troll leather armour (worn)
Jewellery
 k - a ring of flight (left claw)
 o - a ring of ice
 C - the ring of Uqu Soxt (right claw) {rF+ Will+}
   (You found it on level 9 of the Dungeon)

   [ring of willpower]

   rF+:       It protects you from fire.
   Will+:     It increases your willpower.
Talismans
 t - a beast talisman (active)
Wands
 g - a wand of mindburst (31)
 x - a wand of digging (5)
 y - a wand of flame (4)
 A - a wand of paralysis (3)
 B - a wand of iceblast (3)
 D - a wand of polymorph (4)
Scrolls
 b - 3 scrolls of blinking
 d - a scroll of enchant armour {unknown}
 f - 7 scrolls of teleportation
 n - a scroll of fear {unknown}
 p - a scroll of vulnerability
 u - 5 scrolls of identify
 w - a scroll of fog
Potions
 h - 3 potions of degeneration
 i - 3 potions of enlightenment
 q - 2 potions of curing
 r - 2 potions of might
 s - a potion of brilliance
 v - a potion of haste {unknown}
 z - a potion of magic {unknown}
 G - a potion of heal wounds


   Skills:
 - Level 4.0 Fighting
 - Level 2.1 Throwing
 - Level 2.0 Dodging
 - Level 2.0 Stealth
 + Level 9.1 Unarmed Combat
 - Level 3.0 Spellcasting
 - Level 4.0 Translocations
 - Level 3.0 Air Magic
 + Level 3.6 Evocations
 - Level 6.0 Shapeshifting


You had 9 spell levels left.
You knew the following spells:

 Your Spells              Type           Power      Damage    Failure   Level
a - Vhi's Electric Charg  Tloc/Air       18%        N/A       56%         4
b - Blink                 Tloc           20%        N/A       9%          2

Your spell library contained the following spells:

 Spells                   Type           Power      Damage    Failure   Level
 Lesser Beckoning         Tloc           20%        N/A       9%          2
 Teleport Other           Tloc           10%        N/A       17%         3
 Call Imp                 Summ           2%         N/A       41%         2
 Sublimation of Blood     Necr           1%         N/A       41%         2
 Manifold Assault         Tloc           10%        N/A       50%         4
 Summon Hydra             Summ           0%         N/A       100%        7


Dungeon Overview and Level Annotations

Branches:
Dungeon (10/15)            Temple (1/1) D:4            Lair (0/5) D:8
    Orc (0/2) D:9           Sewer (visited)

Altars:
Ashenzari
Cheibriados
Dithmenos
Elyvilon
Fedhas
Gozag
Hepliaklqana
Kikubaaqudgha
Makhleb
Nemelex Xobeh
Okawaru
Qazlal
Ru
Sif Muna
Trog
Uskayaw
Vehumet
Wu Jian
Xom
Yredelemnul
Zin
The Shining One

Shops:
D:9 (

Annotations:
D:7 exclusion: downstairs


Innate Abilities, Weirdness & Mutations

You are a hulking beast.
Your limbs bulge with bestial killing power. (Slay +3)
You are too large for most types of armour.
You have claws for hands.
Your natural rate of healing is unusually fast.
You are covered in fur. (AC +1)
You have tough skin. (AC +1)


Message History

You spin and attack the orc priest repeatedly.
You closely miss the orc priest. You barely miss the orc priest.
You claw the orc priest.
The orc priest is heavily wounded.
The orc priest hits you with a +0 dagger.
You miss something. Your claw misses something.
Something hits you but does no damage. Something bites you but does no damage.
The orc wizard hits you but does no damage.
The orc priest completely misses you.
You spin and attack the orc priest.
You closely miss the orc priest.
The orc priest is heavily wounded.
Something hits you! Something bites you.
Something draws strength from your injuries!
The orc priest hits you with a +0 dagger.
You claw something! Something hits you. Something bites you but does no damage.
The orc wizard barely misses you.
The orc priest calls down the wrath of Beogh upon you.
Beogh smites you!
You barely miss something. You scratch something.
Something draws life force from you!!
The orc priest hits you but does no damage.
The orc wizard hits you but does no damage.
Aiming: Wall Jump
Press: ? - help, Dir - move target You repeatedly attack the orc priest from above.
You claw the orc priest!
You kill the orc priest!
The Council accepts your kill. Something hits you! Something bites you.
* * * LOW HITPOINT WARNING * * *
Something draws strength from your injuries!
Something hits you.
* * * LOW HITPOINT WARNING * * *
Something bites you!
* * * LOW HITPOINT WARNING * * *
Something draws strength from your injuries!
The orc wizard closely misses you.
Unknown command.
You barely miss the orc wizard. Something hits you!
You die...

..........# #.......... #.$.....#
#........ ######.## #....§...
##...# #........ #..### ####z####
#.## #.### ###+### ##'##### #...#
......# #.o°°..# ###'## ......#
#..h°..# #.... ......# #......#
#.... ......# #......# #....
......# #...>..# #.... ......#
#......# #.... ......######
#......# ###....
......'....###......# #.'....
......####...'....).#######.#....
####### #####.)....'.......#....


You could see an orc wizard.

Vanquished Creatures
  2 trolls
  Grinder (D:4)
  2 wyverns (D:9)
  A steam dragon (D:9)
  2 water moccasins
  Duvessa (D:3)
  A sky beast (D:6)
  6 orc warriors
  2 ogres
  An ice beast (D:7)
  A centaur (D:8)
  A phantom (D:7)
  4 bullfrogs
  2 kobold brigands (Sewer)
  2 scorpions (D:5)
  A gnoll sergeant (D:8)
  12 wights
  Dowan (D:3)
  5 killer bees (D:8)
  A howler monkey (D:9)
  2 jellies (D:6)
  9 hounds
  2 bombardier beetles
  12 orc priests
  3 iguanas
  A sleepcap (D:7)
  2 gnoll boudas
  11 orc wizards
  8 adders
  12 gnolls
  2 river rats (Sewer)
  A shadow imp (D:6)
  4 white imps
  6 ufetubi (D:6)
  8 ribbon worms
  2 dart slugs
  38 orcs
  7 bats
  9 endoplasms
  9 giant cockroaches
  10 goblins
  5 hobgoblins
  11 jackals
  15 kobolds
  7 quokkas
  8 ball pythons
  7 frilled lizards
  7 rats
267 creatures vanquished.

Notes
Turn   | Place    | Note
-------+----------+-------------------------------------------
     0 | D:1      | hikkokomori the Troll Warper began the quest for the Orb.
     0 | D:1      | Reached XP level 1. HP: 19/19 MP: 1/1
    60 | D:1      | Reached skill level 1 in Throwing
    91 | D:1      | Found a faded altar of an unknown god.
   144 | D:1      | Reached XP level 2. HP: 28/28 MP: 3/3
   468 | D:1      | Reached XP level 3. HP: 33/35 MP: 4/4
   988 | D:2      | Reached skill level 3 in Unarmed Combat
  1043 | D:2      | Reached XP level 4. HP: 42/42 MP: 6/6
  1515 | D:3      | Reached skill level 4 in Unarmed Combat
  1540 | D:3      | Learned a level 4 spell: Vhi's Electric Charge
  1543 | D:3      | Learned a level 2 spell: Blink
  1578 | D:3      | Upgraded the game from 0.32-a0-132-g2d33c3cfaf to
                  | 0.32-a0-136-gc02482bde3
  1679 | D:3      | Reached XP level 5. HP: 49/49 MP: 7/7
  2157 | D:4      | Reached skill level 1 in Air Magic
  2171 | D:4      | Noticed Dowan
  2171 | D:4      | Noticed Duvessa
  2289 | D:4      | Found a glowing drain.
  2364 | Sewer    | Entered a sewer
  2511 | Sewer    | Reached skill level 5 in Unarmed Combat
  2511 | Sewer    | Reached XP level 6. HP: 55/57 MP: 8/8
  2583 | Sewer    | Found a white marble altar of Elyvilon.
  2651 | D:4      | Identified the +5 trident of Modern Subterfuge {flame, rN+
                  | Int+3 Dex+5}
  2701 | D:4      | Noticed Grinder
  2708 | D:4      | Paralysed by Grinder for 4 turns
  2727 | D:4      | Killed Grinder
  2728 | D:4      | Reached XP level 7. HP: 65/67 MP: 9/9
  2795 | D:4      | Reached skill level 1 in Stealth
  2895 | D:4      | Found a staircase to the Ecumenical Temple.
  2923 | Temple   | Entered the Ecumenical Temple
  2948 | Temple   | Became a worshipper of the Wu Jian Council
  3244 | D:4      | Found a burning altar of Makhleb.
  3495 | D:5      | Entered Level 5 of the Dungeon
  3534 | D:5      | Found a broken altar of Ashenzari.
  3586 | D:5      | Reached skill level 6 in Unarmed Combat
  3586 | D:5      | Reached XP level 8. HP: 47/75 MP: 10/10
  3760 | D:5      | Reached skill level 7 in Unarmed Combat
  3830 | D:5      | Found an ancient bone altar of Kikubaaqudgha.
  3966 | D:5      | Found a shimmering blue altar of Sif Muna.
  3966 | D:5      | Found a hazy altar of Hepliaklqana.
  3967 | D:5      | Found a snail-covered altar of Cheibriados.
  4326 | D:6      | Reached skill level 8 in Unarmed Combat
  4331 | D:6      | Reached * piety under Wu Jian
  4440 | D:6      | Found a sacrificial altar of Ru.
  4468 | D:6      | Reached skill level 1 in Shapeshifting
  5111 | D:7      | Reached XP level 9. HP: 67/81 MP: 11/11
  6201 | D:8      | Reached skill level 5 in Shapeshifting
  6258 | D:8      | Reached ** piety under Wu Jian
  6259 | D:8      | Reached skill level 1 in Evocations
  6372 | D:8      | HP: 3/82 [gnoll sergeant/+0 trident of venom (9)]
  6374 | D:8      | HP: 1/82 [poisoned by a gnoll sergeant]
  6378 | D:8      | Found a staircase to the Lair.
  7487 | D:9      | Reached *** piety under Wu Jian
  7667 | D:9      | Reached XP level 10. HP: 78/92 MP: 12/12
  7756 | D:9      | Found Fyteth's Armour Shop.
  7757 | D:9      | Found a staircase to the Orcish Mines.
  7759 | D:9      | Found Zul Duqu's Weapon Shop.
  7795 | D:9      | Bought 2 throwing nets for 96 gold pieces
  7823 | D:9      | Found an iron altar of Okawaru.
  7889 | D:9      | Identified the ring of Uqu Soxt {rF+ Will+}
  8355 | D:3      | Killed Duvessa
  8364 | D:3      | Killed Dowan
  8574 | D:10     | Entered Level 10 of the Dungeon
  8663 | D:10     | Reached skill level 9 in Unarmed Combat
  8728 | D:10     | Slain by a vampire

Illustrated notes

Levels and vault maps discovered:
D:1:      onia_arrival_mini_spirals, layout_loops_ring,
          shapermc_ecumenical_altar_pompeii
D:2:      minmay_angry_zag, layout_rooms,
          nicolae_concentric_dashed_squares_mild, dreamdust_princess_corridor,
          minmay_quantized
D:3:      layout_loops_ring
D:4:      cheibrodos_quashed, layout_gridville, makhleb_heckhound_becter,
          minmay_temple_entry_overgrown, portal_sewer_entry_f, uniq_grinder,
          uniq_duvessa
D:5:      layout_basic, lemuel_doored_altar, mainiacjoe_overflow_catwalk,
          gammafunk_temple_overflow_claw, kennysheep_dice
D:6:      layout_loops_ring, hangedman_ru_absence
D:7:      lemuel_ice_spiral_2, layout_basic
D:8:      layout_basic, dpeg_oklobed_lair
D:9:      layout_loops_corners, okawaru_gym_becter, orc_david_3
D:10:     layout_roguey [special_room_kobold]
Temple:   dpeg_chambers_temple

Skill      XL: |  1  2  3  4  5  6  7  8  9 10 |
---------------+-------------------------------+-----
Throwing       | 1 2 |  2.1
Dodging        | 2 |  2.0
Fighting       | 2 3 4 |  4.0
Unarmed Combat | 3 4 5 6 8 9 |  9.1
Spellcasting   | 2 3 |  3.0
Air Magic      | 1 2 3 |  3.0
Stealth        | 1 2 |  2.0
Translocations | 3 4 |  4.0
Shapeshifting  | 3 6 |  6.0
Evocations     | 2 3 |  3.6

Action                     |  1- 3 |  4- 6 |  7- 9 | 10-12 || total
---------------------------+-------+-------+-------+-------++-------
  Melee: Unarmed           |   135 |   224 |   394 |    98 ||   851
         Punch             |     4 |    12 |    22 |     1 ||    39
  Throw: Dart              |       |     3 |       |       ||     3
         Boomerang         |       |     9 |     5 |       ||    14
Ability: Lunge             |       |       |    30 |    10 ||    40
         Whirlwind         |       |       |     9 |    26 ||    35
         Wall Jump         |       |       |       |     1 ||     1
  Evoke: Wand              |       |       |     8 |     1 ||     9
    Use: Scroll            |       |     8 |     5 |     1 ||    14
         Potion            |       |     1 |     6 |       ||     7
   Stab: Sleeping          |       |       |     5 |       ||     5
         Invisible         |       |       |     3 |       ||     3
 Armour: Robe              |    80 |   137 |   277 |    39 ||   533
         Troll leather arm |       |       |       |    53 ||    53
  Dodge: Dodged            |    56 |   114 |   163 |    38 ||   371
   Form: Beast             |       |       |     2 |       ||     2
                           |       |       |     1 |       ||     1

Table legend: (Time is in decaauts)
 A = Elapsed time spent in this place.
 B = Non-inter-level travel time spent in this place.
 C = Inter-level travel time spent in this place.
 D = Time resting spent in this place.
 E = Time spent auto-exploring this place.
 F = Levels seen in this place.
 G = Mean time per level.
                   A        B        C        D        E       F      G
               +--------+--------+--------+--------+--------+-----+--------+
         Total |   8659 |   7956 |    703 |    316 |   5637 |  12 |  721.6 |
       Dungeon |   8361 |   7699 |    662 |    308 |   5533 |  10 |  836.1 |
        Temple |     46 |      5 |     41 |      0 |      0 |   1 |   46.0 |
         Sewer |    251 |    251 |      0 |      8 |    104 |   1 |  251.0 |
               +--------+--------+--------+--------+--------+-----+--------+

Top non-repeatable levels by time:
     D:7: 1316 daAuts
     D:9: 1062 daAuts
     D:4: 1047 daAuts
     D:8: 1018 daAuts
     D:5: 808 daAuts
     D:1: 770 daAuts
     D:3: 754 daAuts
     D:6: 718 daAuts
     D:2: 715 daAuts
   Sewer: 251 daAuts
    D:10: 150 daAuts
  Temple: 46 daAuts
